 Dungeon Crawl Stone Soup version 0.21.1-1-g345015f (webtiles) character file.

81 theblackcape the Magician (level 4, -2/32 HPs)
             Began as a Gnoll Wanderer on June 10, 2018.
             Slain by a phantom (3 damage)
             ... on level 4 of the Dungeon.
             The game lasted 00:15:18 (2584 turns).

theblackcape the Magician (Gnoll Wanderer)          Turns: 2584, Time: 00:15:19

Health: -2/32      AC:  3    Str: 20    XL:     4   Next: 40%
Magic:  8/13       EV: 12    Int: 11    God:
Gold:   186        SH:  0    Dex: 13    Spells: 1/17 levels left

rFire    . . .     SeeInvis .   d - -3 short sword (curse)
rCold    . . .     Gourm    .   (no shield)
rNeg     . . .     Faith    +   c - +0 robe
rPois    .         Spirit   .   m - +0 helmet
rElec    .         Reflect  .   (no cloak)
rCorr    .         Harm     .   (no gloves)
MR       .....                  (no boots)
Stlth    ++........             o - amulet of faith
HPRegen  0.10/turn              (no ring)
MPRegen  0.13/turn              (no ring)

@: no status effects
A: distributed training, fangs 1, strong nose
a: no special abilities


You were on level 4 of the Dungeon.
You were very hungry.

You visited 1 branch of the dungeon, and saw 4 of its levels.

You collected 186 gold pieces.

Inventory:

Hand Weapons
 d - a cursed -3 short sword (weapon)
 s - a +2 spear of freezing
Missiles
 r - 22 stones (quivered)
Armour
 c - a +0 robe (worn)
 m - a +0 helmet (worn)
Jewellery
 o - an amulet of faith (around neck)
Wands
 u - a wand of disintegration (11)
Scrolls
 g - 3 scrolls of identify
 j - a scroll of noise
 l - a scroll of blinking {unknown}
 n - a scroll of immolation {unknown}
 q - a scroll of amnesia {unknown}
 w - a scroll of random uselessness {unknown}
 y - a scroll of magic mapping {unknown}
Potions
 e - a potion of invisibility {unknown}
 h - 2 potions of degeneration {unknown}
 i - 3 potions of curing {unknown}
 k - a potion of haste {unknown}
 p - a potion of berserk rage {unknown}
 t - a potion of ambrosia {unknown}
 x - a potion of heal wounds {unknown}
Books
 a - a book of Minor Magic

   Spells                             Type                      Level
   a - Magic Dart                     Conjuration                  1
   b - Blink                          Translocation                2
   c - Call Imp                       Summoning                    2
   d - Slow                           Hexes                        2
   e - Conjure Flame                  Conjuration/Fire             3
   f - Mephitic Cloud                 Conjuration/Poison/Air       3
 b - the Compendium of Displacement

   Spells                             Type                      Level
   a - Shroud of Golubria             Charms/Translocation         2
   b - Blink                          Translocation                2
 v - a book of Misfortune

   Spells                             Type                      Level
   a - Confusing Touch                Hexes                        1
   b - Confuse                        Hexes                        3
   c - Gell's Gravitas                Translocation                3
   d - Petrify                        Transmutation/Earth          4
   e - Metabolic Englaciation         Hexes/Ice                    5
   f - Yara's Violent Unravelling     Hexes/Transmutation          5
Comestibles
 f - 5 rations


   Skills:
 + Level 1.1 Fighting
 + Level 1.1 Short Blades
 + Level 1.1 Long Blades
 + Level 1.1 Axes
 + Level 1.1 Maces & Flails
 + Level 1.1 Polearms
 + Level 1.1 Staves
 + Level 1.1 Slings
 + Level 1.1 Bows
 + Level 1.1 Crossbows
 + Level 1.1 Throwing
 + Level 1.1 Armour
 + Level 1.1 Dodging
 + Level 1.1 Stealth
 + Level 2.7 Shields
 + Level 1.1 Unarmed Combat
 + Level 7.2 Spellcasting
 + Level 5.4 Conjurations
 + Level 2.2 Hexes
 + Level 0.8 Charms
 + Level 0.8 Summonings
 + Level 0.8 Necromancy
 + Level 0.8 Translocations
 + Level 0.8 Transmutations
 + Level 0.8 Fire Magic
 + Level 0.8 Ice Magic
 + Level 0.8 Air Magic
 + Level 0.8 Earth Magic
 + Level 2.2 Poison Magic
 + Level 1.2 Invocations
 + Level 2.7 Evocations


You had one spell level left.
You knew the following spells:

 Your Spells              Type           Power        Failure   Level  Hunger
a - Magic Dart            Conj           ###.         1%          1    None
b - Conjure Flame         Conj/Fire      ##......     14%         3    ###....
c - Shroud of Golubria    Chrm/Tloc      #.........   19%         2    ##.....
d - Mephitic Cloud        Conj/Pois/Air  ##......     16%         3    ###....
e - Blink                 Tloc           N/A          19%         2    ##.....
f - Confuse               Hex            #.......     21%         3    ###....
g - Call Imp              Summ           #.......     19%         2    ##.....


Dungeon Overview and Level Annotations

Branches:
Dungeon (4/15)
 Temple: D:4-7

Altars:
Elyvilon
Fedhas
Gozag
Kikubaaqudgha
Zin
The Shining One


Innate Abilities, Weirdness & Mutations

Your experience applies equally to all skills.
You have very sharp teeth.
Your uncanny sense of smell can sniff out nearby items.


Message History

The phantom hits you.
* * * LOW HITPOINT WARNING * * *
Unknown command.
The jackal bites you.
* * * LOW HITPOINT WARNING * * *
The jackal misses you. The phantom barely misses you.
You hit the jackal. Your bite misses the jackal.
The jackal is severely wounded.
The jackal bites you but does no damage.
The phantom closely misses you.
You barely miss the jackal. You bite the jackal, but do no damage.
The jackal is severely wounded.
The jackal completely misses you. The phantom closely misses you.
The jackal barely misses you.
You barely miss the jackal.
The jackal is severely wounded.
The jackal bites you.
* * * LOW HITPOINT WARNING * * *
The phantom hits you.
You die...

#.##.#.#####
.....#.##..
...####.##.#
....# #.##.#
.....#
#W##.# ....#
#.##.#
#....#
####..# ∆ ∆
#@h...#
##W#.##
#.#...
#.#########
#.#.<.....#
#.#######.#
#.........#
###########


You could see a phantom and a jackal.

Vanquished Creatures
  3 adders
  2 worms (D:2)
  A leopard gecko (D:4)
  5 orcs
  3 bats
  3 goblins
  7 hobgoblins
  3 jackals
  A ball python (D:2)
  3 frilled lizards
  8 kobolds
  5 rats
44 creatures vanquished.

Notes
Turn   | Place    | Note
-------+----------+-------------------------------------------
     0 | D:1      | theblackcape the Gnoll Wanderer began the quest for the Orb.
     0 | D:1      | theblackcape set off with: a book of Minor Magic, the Compendium of Displacement, a +0 robe, a +0 club, a ration
     0 | D:1      | Reached XP level 1. HP: 13/13 MP: 8/8
     0 | D:1      | Identified the Compendium of Displacement
     2 | D:1      | Learned a level 1 spell: Magic Dart
   162 | D:1      | Reached XP level 2. HP: 19/19 MP: 6/10
  1017 | D:2      | Reached XP level 3. HP: 15/25 MP: 0/11
  1237 | D:2      | Found an ancient bone altar of Kikubaaqudgha.
  1454 | D:2      | Found a glowing golden altar of the Shining One.
  1597 | D:3      | Reached skill level 1 in Invocations
  1739 | D:3      | Reached skill level 1 in Fighting
  1739 | D:3      | Reached skill level 1 in Short Blades
  1739 | D:3      | Reached skill level 1 in Long Blades
  1739 | D:3      | Reached skill level 1 in Axes
  1739 | D:3      | Reached skill level 1 in Maces & Flails
  1739 | D:3      | Reached skill level 1 in Polearms
  1739 | D:3      | Reached skill level 1 in Staves
  1739 | D:3      | Reached skill level 1 in Slings
  1739 | D:3      | Reached skill level 1 in Bows
  1739 | D:3      | Reached skill level 1 in Crossbows
  1739 | D:3      | Reached skill level 1 in Throwing
  1739 | D:3      | Reached skill level 1 in Armour
  1739 | D:3      | Reached skill level 1 in Dodging
  1739 | D:3      | Reached skill level 1 in Stealth
  1739 | D:3      | Reached skill level 1 in Unarmed Combat
  1837 | D:3      | Found an opulent altar of Gozag.
  1838 | D:3      | Found a glowing silver altar of Zin.
  1984 | D:3      | Learned a level 3 spell: Conjure Flame
  1987 | D:3      | Learned a level 2 spell: Shroud of Golubria
  1991 | D:3      | Learned a level 3 spell: Mephitic Cloud
  1994 | D:3      | Learned a level 2 spell: Blink
  1998 | D:3      | Learned a level 3 spell: Confuse
  2001 | D:3      | Learned a level 2 spell: Call Imp
  2024 | D:3      | Reached XP level 4. HP: 32/32 MP: 11/13
  2267 | D:3      | Found a white marble altar of Elyvilon.
  2272 | D:3      | Found a blossoming altar of Fedhas.
  2510 | D:4      | Noticed an ogre
  2531 | D:4      | Noticed a phantom
  2580 | D:4      | HP: 1/32 [jackal (1)]
  2584 | D:4      | Slain by a phantom

Skill      XL: |  1  2  3 |
---------------+----------+-----
Hexes          | 2 |  2.2
Poison Magic   | 2 |  2.2
Invocations    | 1 |  1.2
Fighting       | 1 |  1.1
Short Blades   | 1 |  1.1
Long Blades    | 1 |  1.1
Axes           | 1 |  1.1
Maces & Flails | 1 |  1.1
Polearms       | 1 |  1.1
Staves         | 1 |  1.1
Slings         | 1 |  1.1
Bows           | 1 |  1.1
Crossbows      | 1 |  1.1
Throwing       | 1 |  1.1
Armour         | 1 |  1.1
Dodging        | 1 |  1.1
Stealth        | 1 |  1.1
Unarmed Combat | 1 |  1.1
Shields        | |  2.7
Spellcasting   | |  7.2
Conjurations   | |  5.4
Charms         | |  0.8
Summonings     | |  0.8
Necromancy     | |  0.8
Translocations | |  0.8
Transmutations | |  0.8
Fire Magic     | |  0.8
Ice Magic      | |  0.8
Air Magic      | |  0.8
Earth Magic    | |  0.8
Evocations     | |  2.7

Action                   |  1- 3 |  4- 6 || total
-------------------------+-------+-------++-------
Melee: Short sword       |     4 |    33 ||    37
       Bite              |     1 |     5 ||     6
 Cast: Magic Dart        |    85 |    24 ||   109
       Confuse           |       |     5 ||     5
       Conjure Flame     |       |     3 ||     3
  Use: Scroll            |     2 |       ||     2
  Eat: Chunk             |     3 |     1 ||     4
Armor: Robe              |       |    15 ||    15
Dodge: Dodged            |     5 |    54 ||    59
